 Dungeon Crawl Stone Soup version 0.28-a0-69-g49dcd67cf8 (webtiles) character file.

Game seed: 4348568872992224845

426 mcsnuffy the Magician (level 7, 6/50 HPs)
             Began as a Human Ice Elementalist on July 31, 2021.
             Quit the game on level 3 of the Dungeon.
             The game lasted 00:23:33 (4173 turns).

mcsnuffy the Magician (Human Ice Elementalist)      Turns: 4173, Time: 00:23:34

Health: 6/50       AC:  4    Str:  9    XL:     7   Next: 18%
Magic:  3/15       EV: 12    Int: 17    God:
Gold:   81         SH:  0    Dex: 13    Spells: 12/16 levels left

rFire   . . .      SeeInvis .   c - +0 short sword
rCold   . . .      Faith    .   (no shield)
rNeg    . . .      Spirit   .   a - +0 robe
rPois   .          Reflect  .   (no helmet)
rElec   .          Harm     .   (no cloak)
rCorr   .          Rampage  .   i - +1 pair of gloves
Will    .....                   (no boots)
Stlth   ++........              e - amulet of magic regeneration
HPRegen 0.16/turn               (no ring)
MPRegen 0.39/turn               (no ring)

@: no status effects
A: no striking features
a: no special abilities


You were on level 3 of the Dungeon.
You visited 1 branch of the dungeon, and saw 4 of its levels.

You collected 81 gold pieces.


   Skills:
 + Level 2.0 Fighting
 - Level 2.0 Dodging
 - Level 2.0 Stealth
 * Level 5.4 Spellcasting
 + Level 5.2 Ice Magic


You had 12 spell levels left.
You knew the following spells:

 Your Spells              Type           Power      Damage    Failure   Level
f - Freeze                Ice            88%        1d10      1%          1
r - Frozen Ramparts       Ice            44%        1d6       4%          3

Your spell library contained the following spells:

 Spells                   Type           Power      Damage    Failure   Level
 Ozocubu's Armour         Ice            22%        N/A       4%          3
 Hailstorm                Conj/Ice       13%        3d5       43%         4

Inventory:

Hand Weapons
 c - a +0 short sword (weapon)
Missiles
 h - 101 stones
Armour
 a - a +0 robe (worn)
 i - a +1 pair of gloves (worn)
Magical Staves
 m - a staff of conjuration {!a}
Jewellery
 e - an amulet of magic regeneration (around neck)
Scrolls
 d - 2 scrolls of enchant armour
 f - 2 scrolls of teleportation {unknown}
 k - a scroll of enchant weapon {unknown}
Potions
 b - 3 potions of curing {@q1}
 g - a potion of mutation {unknown}
 j - a potion of berserk rage {unknown}

Dungeon Overview and Level Annotations

Branches:
Dungeon (4/15)
 Temple: D:4-7

Altars:

Annotations:
D:1 exclusion: downstairs

......###.........#####..........
########..>.......# ##..........
#..........####......[....
#.[........#..g...........
#............########..##.
#..........### ##....
##........## ####. #..........#
#. #.......W@.# ## #..........# #
#..........# #..........#
##........## ##......## ########


You could see a phantom.


Message History

The phantom completely resists.
The wall freezes the phantom but does no damage.
The phantom hits you.
* * * LOW HITPOINT WARNING * * *
You hit the phantom but do no damage.
The phantom is almost destroyed.
The phantom completely resists.
The wall freezes the phantom but does no damage.
The phantom hits you.
* * * LOW HITPOINT WARNING * * *
You hit the phantom.
The phantom is almost destroyed.
The phantom completely resists.
The wall freezes the phantom but does no damage.
The phantom hits you.
* * * LOW HITPOINT WARNING * * *
The phantom blinks!
You blink.
The frozen ramparts melt away as you move.
The phantom hits you.
* * * LOW HITPOINT WARNING * * *
The phantom blinks!
You blink.
Char dumped successfully.
Okay, then.
Unknown command.
Are you sure you want to abandon this character and quit the game? (Confirm with "yes".)
Okay, then.
Unknown command.
Unknown command.
Unknown command.
Are you sure you want to abandon this character and quit the game? (Confirm with "yes".)

Skill      XL: |  1  2  3  4  5  6 |
---------------+-------------------+-----
Fighting       | 1 2 |  2.0
Spellcasting   | 3 4 5 |  5.4
Ice Magic      | 5 |  5.2
Dodging        | |  2.0
Stealth        | |  2.0

Action                   |  1- 3 |  4- 6 |  7- 9 || total
-------------------------+-------+-------+-------++-------
Melee: Short sword       |     4 |     2 |    17 ||    23
Throw: Stone             |     4 |       |       ||     4
 Cast: Freeze            |    49 |    97 |     8 ||   154
       Frozen Ramparts   |       |     3 |     7 ||    10
  Use: Potion            |       |     1 |     2 ||     3
       Scroll            |       |     1 |       ||     1
 Stab: Sleeping          |     1 |       |       ||     1
Armor: Robe              |     6 |    16 |     2 ||    24
Dodge: Dodged            |    24 |    61 |    18 ||   103

Levels and vault maps discovered:
D:1:      wander_arrival_desolate, layout_basic,
          dilly_ecumenical_altar_fadedgnrine
D:2:      layout_basic, item_on_display_a
D:3:      layout_rooms
D:4:      layout_basic, grunt_temple_overflow_bloody_war, uniq_blork_the_orc,
          uniq_eustachio

Notes
Turn   | Place    | Note
-------+----------+-------------------------------------------
     0 | D:1      | mcsnuffy the Human Ice Elementalist began the quest for the
                  | Orb.
     0 | D:1      | Reached XP level 1. HP: 13/13 MP: 3/3
   155 | D:1      | Found a faded altar of an unknown god.
   401 | D:1      | Reached skill level 1 in Fighting
   401 | D:1      | Reached XP level 2. HP: 21/21 MP: 1/5
  1055 | D:1      | Reached XP level 3. HP: 22/26 MP: 4/7
  1433 | D:2      | Reached skill level 3 in Spellcasting
  1441 | D:2      | Noticed a scorpion
  1765 | D:2      | Learned a level 3 spell: Frozen Ramparts
  1885 | D:2      | Reached XP level 4. HP: 30/32 MP: 7/9
  1915 | D:2      | Killed a scorpion
  1916 | D:2      | Reached skill level 4 in Spellcasting
  1916 | D:2      | Reached XP level 5. HP: 37/37 MP: 6/11
  2708 | D:3      | Reached XP level 6. HP: 43/43 MP: 8/12
  2805 | D:3      | You fall into a shaft and drop 1 floor!
  2809 | D:4      | Noticed a black bear
  3330 | D:3      | Reached skill level 5 in Spellcasting
  3991 | D:3      | Reached skill level 5 in Ice Magic
  4064 | D:4      | Noticed Eustachio
  4104 | D:4      | Killed Eustachio
  4105 | D:4      | Reached skill level 2 in Fighting
  4105 | D:4      | Reached XP level 7. HP: 30/50 MP: 6/15
  4136 | D:3      | HP: 4/50 [phantom (7)]
  4161 | D:3      | HP: 3/50 [phantom (8)]
  4173 | D:3      | Quit the game

Vanquished Creatures
  Eustachio (D:4)
  2 scorpions (D:2)
  A killer bee (D:3)
  4 gnolls
  An adder (D:2)
  2 worms (D:2)
  2 dart slugs (D:2)
  2 orcs
  5 bats
  6 endoplasms
  4 giant cockroaches
  8 goblins
  3 hobgoblins (D:3)
  9 jackals
  8 kobolds
  2 quokkas
  10 ball pythons
  5 frilled lizards
  2 rats
77 creatures vanquished.

Vanquished Creatures (others)
  15 plants (D:1)
15 creatures vanquished.

Grand Total: 92 creatures vanquished

Table legend: (Time is in decaauts)
 A = Elapsed time spent in this place.
 B = Non-inter-level travel time spent in this place.
 C = Inter-level travel time spent in this place.
 D = Time resting spent in this place.
 E = Time spent auto-exploring this place.
 F = Levels seen in this place.
 G = Mean time per level.
                   A        B        C        D        E       F      G
               +--------+--------+--------+--------+--------+-----+--------+
         Total |   4175 |   3987 |    188 |    296 |   2519 |   4 | 1043.8 |
       Dungeon |   4175 |   3987 |    188 |    296 |   2519 |   4 | 1043.8 |
               +--------+--------+--------+--------+--------+-----+--------+

Top non-repeatable levels by time:
     D:2: 1480 daAuts
     D:1: 1463 daAuts
     D:3: 1131 daAuts
     D:4: 101 daAuts

Table legend:
 A = Non-vault XP
 B = Vault XP
 C = Vault XP percentage of total XP
 D = Non-vault monster count
 E = Vault monster count
 F = Vault count percentage of total count
                 A         B        C        D         E       F
            +---------+---------+-------+---------+---------+-------
      Total |     424 |     185 |  30.4 |      76 |       1 |   1.3
            +---------+---------+-------+---------+---------+-------
        D:1 |      33 |       0 |   0.0 |      20 |       0 |   0.0
        D:2 |     243 |       0 |   0.0 |      31 |       0 |   0.0
        D:3 |     145 |       0 |   0.0 |      24 |       0 |   0.0
        D:4 |       3 |     185 |  98.4 |       1 |       1 |  50.0
            +---------+---------+-------+---------+---------+-------
